[ AOE2 MATCH · #493677279 ]
UnrankedBulgarians vs Italians
Player's team · LOSS
Rival team · WIN
[ REPLAY ANALYSIS · EXTRACTED FROM THE RECORDED GAME ]
Feudal
9:16
Castle
19:35
Imperial
29:14
| APM avg | 38.3 |
| APM peak | 69 |
| eAPM avg | 17.0 |
| Villagers / military | 81 / 27 |
Focus
⚔️ 25.8% · 🌾 74.2%
Scout Cavalry ×17 · Mangonel ×6 · Trebuchet (Packed) ×3 · Monk ×1
Feudal
10:32
Castle
15:33
Imperial
34:32
| APM avg | 34.7 |
| APM peak | 78 |
| eAPM avg | 15.8 |
| Villagers / military | 105 / 57 |
Focus
⚔️ 28.3% · 🌾 71.7%
Scout Cavalry ×24 · Genoese Crossbowman ×22 · Mangonel ×4 · Monk ×2 · Spearman ×2 · Trebuchet (Packed) ×2
Match map
Initial resources + every placement click. Lines = walls · curves = elevation contours. ◆ gold · ⬟ stone · ● berries · ✦ relic · ◌ wall gap
Your base· ✓ Closed at 19:35 · 2t walls · 4 gate(s) · fragile
toucan_i_am's base· ✓ Closed at 15:33 · 31t walls · 2 gate(s)
Smoothed initial terrain · ◌ = detected wall gap · hover for details
Inputs per minute
— Rentar9 - - toucan_i_am
Build order — Rentar9
First 150 of 206 actions detected
| 0:00 | Queue | Villager (Male) |
| 0:01 | Queue | Villager (Male) |
| 0:02 | Build | House |
| 0:03 | Build | House |
| 0:16 | Queue | Villager (Male) |
| 0:39 | Queue | Villager (Male) |
| 1:31 | Queue | Villager (Male) |
| 1:31 | Queue | Villager (Male) |
| 1:50 | Build | Lumber Camp |
| 1:59 | Queue | Villager (Male) |
| 2:14 | Queue | Villager (Male) |
| 2:54 | Queue | Villager (Male) |
| 3:03 | Queue | Villager (Male) |
| 3:14 | Build | House |
| 3:39 | Queue | Villager (Male) |
| 3:42 | Queue | Villager (Male) |
| 4:15 | Queue | Villager (Male) |
| 4:21 | Queue | Villager (Male) |
| 4:44 | Build | Mill |
| 5:01 | Queue | Villager (Male) |
| 5:40 | Queue | Villager (Male) |
| 5:40 | Queue | Villager (Male) |
| 6:02 | Research | Loom |
| 6:47 | Build | Palisade Wall |
| 6:55 | Research | Feudal Age |
| 7:03 | Build | Palisade Gate |
| 7:19 | Build | Barracks |
| 7:50 | Build | House |
| 9:03 | Queue | Villager (Male) |
| 9:16 | Age | Feudal Age |
| 9:17 | Build | Stable |
| 9:19 | Queue | Villager (Male) |
| 9:23 | Research | Double-Bit Axe |
| 9:41 | Research | Horse Collar |
| 9:56 | Build | Farm |
| 9:58 | Queue | Scout Cavalry |
| 9:59 | Queue | Villager (Male) |
| 10:07 | Queue | Scout Cavalry |
| 10:08 | Queue | Villager (Male) |
| 10:18 | Build | Farm |
| 10:42 | Queue | Villager (Male) |
| 10:49 | Build | Farm |
| 10:59 | Build | House |
| 11:06 | Build | Farm |
| 11:23 | Queue | Villager (Male) |
| 11:35 | Build | Mill |
| 11:41 | Build | Farm |
| 11:51 | Build | Farm |
| 11:58 | Build | Farm |
| 12:13 | Queue | Villager (Male) |
| 12:26 | Build | Farm |
| 12:27 | Build | Farm |
| 12:31 | Queue | Villager (Male) |
| 12:37 | Build | Farm |
| 12:57 | Queue | Villager (Male) |
| 13:05 | Build | Mining Camp |
| 13:15 | Queue | Scout Cavalry |
| 13:18 | Queue | Villager (Male) |
| 13:20 | Build | Farm |
| 13:38 | Build | House |
| 13:40 | Build | Outpost |
| 13:43 | Research | Town Watch |
| 13:44 | Queue | Scout Cavalry |
| 13:50 | Build | House |
| 14:09 | Build | Farm |
| 14:17 | Queue | Villager (Male) |
| 14:30 | Queue | Scout Cavalry |
| 14:31 | Queue | Villager (Male) |
| 14:55 | Build | Outpost |
| 15:02 | Queue | Villager (Male) |
| 15:04 | Build | Farm |
| 15:14 | Queue | Villager (Male) |
| 15:17 | Build | Farm |
| 15:25 | Queue | Villager (Male) |
| 15:31 | Build | Farm |
| 15:45 | Build | Blacksmith |
| 16:05 | Queue | Villager (Male) |
| 16:19 | Queue | Villager (Male) |
| 16:23 | Build | House |
| 16:31 | Queue | Scout Cavalry |
| 16:35 | Build | Outpost |
| 16:52 | Research | Castle Age |
| 17:11 | Build | House |
| 17:12 | Build | Stone Wall |
| 17:40 | Queue | Villager (Male) |
| 18:14 | Build | House |
| 18:15 | Build | House |
| 18:46 | Build | Mining Camp |
| 19:02 | Build | Gate |
| 19:35 | Age | Castle Age |
| 19:35 | Build | Market |
| 19:37 | Queue | Villager (Male) |
| 19:39 | Build | Siege Workshop |
| 19:44 | Research | Bow Saw |
| 20:26 | Queue | Villager (Male) |
| 20:35 | Queue | Villager (Male) |
| 21:00 | Build | Monastery |
| 21:07 | Queue | Villager (Male) |
| 21:23 | Queue | Mangonel |
| 21:37 | Build | Krepost |
| 21:48 | Queue | Villager (Male) |
| 22:04 | Queue | Mangonel |
| 22:10 | Build | Farm |
| 22:17 | Queue | Villager (Male) |
| 22:22 | Queue | Villager (Male) |
| 22:29 | Queue | Villager (Male) |
| 22:35 | Queue | Villager (Male) |
| 22:42 | Queue | Villager (Male) |
| 22:43 | Build | Farm |
| 22:44 | Build | Farm |
| 22:46 | Build | Farm |
| 22:55 | Queue | Monk |
| 23:08 | Build | Farm |
| 23:09 | Build | Farm |
| 23:11 | Queue | Villager (Male) |
| 23:11 | Queue | Villager (Male) |
| 23:38 | Build | Outpost |
| 23:43 | Research | Wheelbarrow |
| 24:48 | Queue | Villager (Male) |
| 26:04 | Research | Imperial Age |
| 26:08 | Queue | Mangonel |
| 26:56 | Build | Watch Tower |
| 26:59 | Queue | Mangonel |
| 27:41 | Queue | Villager (Male) |
| 28:08 | Build | Lumber Camp |
| 29:04 | Build | Castle |
| 29:14 | Age | Imperial Age |
| 29:37 | Build | Lumber Camp |
| 29:41 | Queue | Villager (Male) |
| 29:44 | Queue | Mangonel |
| 29:48 | Queue | Villager (Male) |
| 30:23 | Queue | Trebuchet (Packed) |
| 30:35 | Queue | Villager (Male) |
| 30:38 | Build | Farm |
| 30:49 | Build | Farm |
| 30:52 | Queue | Villager (Male) |
| 31:05 | Queue | Villager (Male) |
| 31:15 | Queue | Villager (Male) |
| 31:31 | Queue | Trebuchet (Packed) |
| 31:39 | Build | Farm |
| 31:41 | Build | Farm |
| 31:52 | Build | Farm |
| 31:58 | Build | Farm |
| 32:13 | Queue | Trebuchet (Packed) |
| 32:44 | Build | Farm |
| 32:45 | Build | Farm |
| 33:19 | Research | Husbandry |
| 33:19 | Research | Bloodlines |
| 33:20 | Research | Light Cavalry (upgrade) |
| 33:21 | Research | Scale Barding Armor |
Build order — toucan_i_am
First 150 of 319 actions detected
| 0:01 | Queue | Villager (Male) |
| 0:02 | Queue | Villager (Male) |
| 0:02 | Queue | Villager (Male) |
| 0:02 | Queue | Villager (Male) |
| 0:03 | Build | House |
| 0:05 | Build | House |
| 1:41 | Queue | Villager (Male) |
| 1:55 | Build | Lumber Camp |
| 2:03 | Queue | Villager (Male) |
| 2:15 | Queue | Villager (Male) |
| 2:47 | Queue | Villager (Male) |
| 3:08 | Queue | Villager (Male) |
| 3:35 | Queue | Villager (Male) |
| 3:48 | Build | House |
| 3:58 | Build | House |
| 4:06 | Queue | Villager (Male) |
| 4:15 | Build | Mill |
| 4:25 | Build | House |
| 4:37 | Queue | Villager (Male) |
| 4:38 | Queue | Villager (Male) |
| 5:16 | Queue | Villager (Male) |
| 5:19 | Queue | Villager (Male) |
| 6:06 | Queue | Villager (Male) |
| 6:20 | Queue | Villager (Male) |
| 6:32 | Queue | Villager (Male) |
| 7:17 | Queue | Villager (Male) |
| 7:33 | Research | Loom |
| 7:33 | Research | Feudal Age |
| 7:46 | Build | Mining Camp |
| 8:44 | Build | House |
| 8:46 | Build | Palisade Wall |
| 9:05 | Build | Mining Camp |
| 9:30 | Build | Barracks |
| 9:44 | Build | Palisade Wall |
| 10:18 | Queue | Villager (Male) |
| 10:18 | Queue | Villager (Male) |
| 10:32 | Age | Feudal Age |
| 10:33 | Queue | Villager (Male) |
| 10:35 | Build | Blacksmith |
| 10:44 | Build | Market |
| 11:18 | Build | Palisade Wall |
| 11:25 | Queue | Villager (Male) |
| 11:30 | Build | Mill |
| 11:46 | Build | House |
| 11:50 | Build | House |
| 11:52 | Build | Palisade Wall |
| 11:58 | Build | Palisade Wall |
| 12:00 | Build | Palisade Wall |
| 12:05 | Queue | Spearman |
| 12:11 | Queue | Villager (Male) |
| 12:36 | Build | House |
| 12:53 | Research | Castle Age |
| 13:40 | Build | Palisade Wall |
| 13:55 | Build | Farm |
| 13:59 | Build | Farm |
| 14:06 | Build | Farm |
| 14:09 | Build | Farm |
| 14:20 | Queue | Spearman |
| 14:41 | Research | Double-Bit Axe |
| 14:59 | Build | Farm |
| 15:01 | Build | Farm |
| 15:33 | Age | Castle Age |
| 15:34 | Queue | Villager (Male) |
| 15:37 | Build | House |
| 15:52 | Queue | Villager (Male) |
| 16:01 | Queue | Villager (Male) |
| 16:08 | Queue | Villager (Male) |
| 16:41 | Queue | Villager (Male) |
| 16:56 | Build | Castle |
| 17:01 | Queue | Villager (Male) |
| 17:06 | Research | Fletching |
| 17:32 | Build | House |
| 17:37 | Build | Monastery |
| 17:40 | Queue | Villager (Male) |
| 17:47 | Build | Farm |
| 17:55 | Queue | Villager (Male) |
| 18:05 | Build | Mining Camp |
| 18:27 | Queue | Monk |
| 18:42 | Queue | Genoese Crossbowman |
| 18:43 | Queue | Genoese Crossbowman |
| 18:44 | Queue | Villager (Male) |
| 18:49 | Queue | Genoese Crossbowman |
| 18:51 | Queue | Villager (Male) |
| 18:54 | Research | Bow Saw |
| 19:17 | Queue | Genoese Crossbowman |
| 19:18 | Queue | Villager (Male) |
| 19:36 | Queue | Genoese Crossbowman |
| 19:37 | Queue | Villager (Male) |
| 19:48 | Queue | Genoese Crossbowman |
| 19:53 | Queue | Villager (Male) |
| 20:11 | Queue | Genoese Crossbowman |
| 20:15 | Research | Bodkin Arrow |
| 20:21 | Build | Siege Workshop |
| 20:23 | Queue | Villager (Male) |
| 20:31 | Build | Farm |
| 20:39 | Queue | Villager (Male) |
| 20:54 | Queue | Genoese Crossbowman |
| 21:13 | Queue | Villager (Male) |
| 21:14 | Queue | Genoese Crossbowman |
| 21:14 | Queue | Genoese Crossbowman |
| 21:27 | Queue | Villager (Male) |
| 21:50 | Build | House |
| 21:59 | Queue | Battering Ram |
| 22:03 | Queue | Villager (Male) |
| 22:13 | Build | University |
| 22:15 | Queue | Villager (Male) |
| 22:18 | Build | Farm |
| 22:25 | Queue | Genoese Crossbowman |
| 22:29 | Queue | Villager (Male) |
| 22:39 | Queue | Villager (Male) |
| 22:44 | Build | Lumber Camp |
| 22:56 | Queue | Villager (Male) |
| 22:58 | Build | Farm |
| 22:59 | Build | Farm |
| 23:40 | Research | Horse Collar |
| 23:57 | Queue | Mangonel |
| 23:58 | Queue | Villager (Male) |
| 24:00 | Build | Farm |
| 24:11 | Queue | Villager (Male) |
| 24:15 | Queue | Monk |
| 24:24 | Build | Lumber Camp |
| 24:32 | Queue | Villager (Male) |
| 24:37 | Queue | Villager (Male) |
| 24:53 | Build | Outpost |
| 24:56 | Research | Town Watch |
| 25:00 | Build | Farm |
| 25:03 | Build | Town Center |
| 25:16 | Queue | Villager (Male) |
| 25:32 | Queue | Villager (Male) |
| 25:45 | Queue | Villager (Male) |
| 26:05 | Queue | Villager (Male) |
| 26:12 | Queue | Villager (Male) |
| 26:15 | Queue | Villager (Male) |
| 26:18 | Queue | Villager (Male) |
| 26:20 | Build | Farm |
| 26:20 | Build | Farm |
| 26:20 | Build | Farm |
| 26:20 | Build | Farm |
| 26:21 | Build | Farm |
| 26:29 | Queue | Genoese Crossbowman |
| 26:30 | Queue | Genoese Crossbowman |
| 26:30 | Queue | Genoese Crossbowman |
| 26:39 | Queue | Mangonel |
| 26:39 | Queue | Mangonel |
| 26:59 | Build | Castle |
| 27:01 | Queue | Villager (Male) |
| 27:05 | Queue | Villager (Male) |
| 27:10 | Build | Mill |
| 27:10 | Build | Farm |
| 27:11 | Build | Farm |
Match timeline
| 6:47 | Rentar9 · wall_segment Palisade Wall x1 |
| 7:19 | Rentar9 · first_building Barracks |
| 8:46 | toucan_i_am · wall_segment Palisade Wall x7 |
| 9:16 | Rentar9 · age_up feudal |
| 9:17 | Rentar9 · first_building Stable |
| 9:30 | toucan_i_am · first_building Barracks |
| 9:44 | toucan_i_am · wall_segment Palisade Wall x16 |
| 10:32 | toucan_i_am · age_up feudal |
| 11:18 | toucan_i_am · wall_segment Palisade Wall x5 |
| 11:52 | toucan_i_am · wall_segment Palisade Wall x1 |
| 11:58 | toucan_i_am · wall_segment Palisade Wall x1 |
| 12:00 | toucan_i_am · wall_segment Palisade Wall x1 |
| 12:47 | toucan_i_am · first_market_sell 100 stone |
| 12:48 | toucan_i_am · first_market_buy 100 food |
| 13:40 | toucan_i_am · wall_segment Palisade Wall x1 |
| 15:33 | toucan_i_am · age_up castle |
| 16:56 | toucan_i_am · first_building Castle |
| 17:12 | Rentar9 · wall_segment Stone Wall x1 |
| 17:37 | toucan_i_am · first_building Monastery |
| 19:35 | Rentar9 · age_up castle |
| 19:39 | Rentar9 · first_building Siege Workshop |
| 20:21 | toucan_i_am · first_building Siege Workshop |
| 20:46 | Rentar9 · first_market_sell 100 food |
| 21:00 | Rentar9 · first_building Monastery |
| 21:14 | Rentar9 · first_market_buy 100 stone |
| 21:37 | Rentar9 · first_building Krepost |
| 29:04 | Rentar9 · first_building Castle |
| 29:14 | Rentar9 · age_up imperial |
| 33:36 | toucan_i_am · first_building Stable |
| 34:32 | toucan_i_am · age_up imperial |
| 39:05 | Rentar9 · resign |
[ AI ANALYSIS · 1 CREDIT ]
What really happened in this match?
Wolo.gg analyzes every decision: build order, eco, micro, common mistakes by bracket. Personalized analysis on WhatsApp or Discord in 30 seconds.
Civ guide
Bulgarians
Perfil
Jugador #315941